 Dungeon Crawl Stone Soup version 0.22.0 (webtiles) character file.

67400 Blackhawk the Warrior (level 14, -2/135 HPs)
             Began as a Minotaur Berserker on Nov 3, 2018.
             Was a High Priest of Trog.
             Drowned by a drowned soul (17 damage)
             ... summoned by a merfolk avatar
             ... on level 6 of the Lair of Beasts.
             The game lasted 00:35:42 (19857 turns).

Blackhawk the Warrior (Minotaur Berserker)         Turns: 19857, Time: 00:35:42

Health: -2/135     AC: 26    Str: 34    XL:     14   Next: 82%
Magic:  13/13      EV: 20    Int:  5    God:    Trog [*****.]
Gold:   1055       SH:  0    Dex: 11    Spells: 13/13 levels left

rFire    . . .     SeeInvis .   p - +0 mace "Bount" {crush, rPois Str+8 Int-4} (curse)
rCold    . . .     Gourm    .   (no shield)
rNeg     . . .     Faith    .   f - +0 chain mail of the Hills {-Cast Int+5}
rPois    +         Spirit   .   (helmet restricted)
rElec    .         Reflect  .   q - +0 cloak
rCorr    .         Harm     .   K - +1 pair of gloves
MR       +....     NoCast   +   y - +2 pair of boots
Stlth    ..........             e - amulet of the acrobat
HPRegen  0.32/turn              u - +4 ring of evasion
MPRegen  0.13/turn              H - +5 ring of protection

@: berserk cooldown, mesmerised, starving
A: retaliatory headbutt, horns 2
a: Berserk, Trog's Hand, Brothers in Arms, Renounce Religion


You were on level 6 of the Lair of Beasts.
You worshipped Trog.
Trog was extremely pleased with you.
You were starving.

You visited 2 branches of the dungeon, and saw 17 of its levels.

You collected 1055 gold pieces.

Inventory:

Hand Weapons
 d - the +0 arbalest "Xuhianka" {flame, MR++ Str+2 Int-3}
   (Trog gifted it to you on level 9 of the Dungeon)

   It causes projectiles fired from it to burn those they strike, causing extra
   injury to most foes and up to half again as much damage against particularly
   susceptible opponents.
   It affects your strength (+2).
   It affects your intelligence (-3).
   It affects your resistance to hostile enchantments.
 p - the cursed +0 mace "Bount" (weapon) {crush, rPois Str+8 Int-4}
   (You found it on level 11 of the Dungeon)

   It inflicts extra damage upon your enemies.
   It affects your strength (+8).
   It affects your intelligence (-4).
   It protects you from poison.
   It has a curse placed upon it.
 s - a +7 antimagic war axe
 N - a +2 battleaxe of chopping
 Z - a +5 broad axe of chopping
Missiles
 O - 7 throwing nets (quivered)
 R - 7 javelins of penetration
Armour
 f - the +0 chain mail of the Hills (worn) {-Cast Int+5}
   (You found it on level 4 of the Dungeon)

   It affects your intelligence (+5).
   It prevents spellcasting.
 q - a +0 cloak (worn)
 t - a +1 cloak of invisibility
 y - a +2 pair of boots (worn)
 K - a +1 pair of gloves (worn)
 P - a +4 scale mail of magic resistance
Jewellery
 e - an amulet of the acrobat (around neck)
 m - an uncursed ring of ice
 u - a +4 ring of evasion (left hand)
 D - an uncursed ring of fire
 G - an uncursed ring of protection from fire {unknown}
 H - a +5 ring of protection (right hand)
 L - an uncursed ring of resist corrosion
 T - an uncursed ring of positive energy {unknown}
Wands
 v - a wand of paralysis (15)
 I - a wand of acid (9)
 Q - a wand of iceblast (12)
 S - a wand of digging (14)
Scrolls
 a - 7 scrolls of enchant armour
 n - 2 scrolls of enchant weapon
 w - a scroll of silence
 A - 2 scrolls of blinking
 B - 10 scrolls of teleportation
 C - 2 scrolls of holy word
 F - a scroll of fog
 J - a scroll of fear
 U - a scroll of remove curse
Potions
 b - a potion of ambrosia
 g - a potion of might {unknown}
 h - 3 potions of invisibility {unknown}
 j - 3 potions of agility {unknown}
 k - 3 potions of curing
 l - a potion of heal wounds {unknown}
 o - 8 potions of brilliance
 r - 2 potions of mutation {unknown}
 z - a potion of degeneration {unknown}
 E - 4 potions of haste {unknown}
 M - 4 potions of flight
 W - 2 potions of magic {unknown}
 X - a potion of lignification {unknown}
Miscellaneous
 V - a phial of floods
Comestibles
 c - 51 rations


   Skills:
 + Level 15.2 Fighting
 - Level 13.9(15.1) Axes
 + Level 10.3(13.4) Maces & Flails
 + Level 15.0 Armour
 + Level 13.9 Dodging


You had 13 spell levels left.
You didn't know any spells.
Your spell library was empty.

Dungeon Overview and Level Annotations

Branches:
Dungeon (11/15)            Temple (0/1) D:4            Lair (6/6) D:11
  Swamp (0/4) Lair:4       Spider (0/4) Lair:4        Slime (0/5) Lair:6
    Orc (0/2) D:10

Altars:
Dithmenos
Gozag
Makhleb
Nemelex Xobeh
Uskayaw
Xom
Beogh
Jiyva

Shops:
D:5 (

Annotations:
D:5 3 runed doors, Caterwaul's ghost, novice HuFi


Innate Abilities, Weirdness & Mutations

You reflexively headbutt those who attack you in melee.
You have a pair of horns on your head.


Message History

The merfolk avatar chants its luring song. x2
Found a glowing helmet.
You closely miss the merfolk avatar.
Your headbutt misses the merfolk avatar.
The merfolk avatar is moderately wounded.
The drowned soul touches you. The drowned soul drowns you!
* * * LOW HITPOINT WARNING * * *
The merfolk avatar chants its luring song.
You feel better.
You feel yourself speed up.
Your iron troll rages.
The merfolk avatar chants its luring song.
Your iron troll barely misses the merfolk avatar.
Your iron troll claws the merfolk avatar!
Your iron troll claws the merfolk avatar.
You barely miss the merfolk avatar.
The merfolk avatar is heavily wounded.
The merfolk avatar chants its luring song.
The drowned soul touches you. The drowned soul drowns you!
You die...

...........≈.#≈≈# ≈ #
..#........≈.#≈≈# ≈≈#
...##.†.....≈≈≈≈# ≈≈≈
...........≈≈≈≈≈######## #≈≈≈
..##.......≈##≈≈#8≈≈≈≈≈≈ #≈P#
..###.......##≈≈#≈≈≈≈≈≈≈ ≈ #≈≈#
...##.......≈≈≈≈#≈≈≈≈≈≈ ≈≈ ≈≈≈
.#.##.....%.≈≈≈≈.≈≈# ≈≈≈#≈≈≈
..#........≈#.≈≈@≈≈# ≈P.≈≈#
............#.≈≈Tm#WW)WW ≈P≈#≈≈#
...........≈≈≈≈≈#≈≈≈≈(?[ #≈≈.≈≈≈
...........≈≈≈≈≈#≈≈≈≈P≈≈≈≈P≈≈#≈≈P
............#.≈≈#≈P≈≈≈≈≈P≈≈ #≈≈#
...........≈.#≈≈#≈≈≈≈≈≈≈≈≈≈ #≈≈#
.# ......≈P≈≈≈#####≈≈≈≈#####≈≈≈
#####.......≈≈≈≈#8≈≈≈≈≈≈≈≈≈≈.#≈≈≈
...#........#.≈≈#≈≈≈≈≈..≈≈P≈≈#≈≈#


You could see a merfolk avatar, 4 drowned souls and a friendly iron troll
(berserk).

Vanquished Creatures
  Rupert (Lair:5)
  Kirke (Lair:6)
  A dire elephant (Lair:6)
  Snorg (Lair:4)
  Josephine (D:10)
  Harold (D:7)
  6 hydras
  Erica (D:8)
  A catoblepas (Lair:6)
  2 two-headed ogres
  7 death yaks
  Urug (Lair:1)
  4 skeletal warriors (D:11)
  A sea snake (Lair:6)
  A harpy (Lair:6)
  A cyclops (D:11)
  2 ugly things (D:11)
  A manticore (Lair:6)
  5 black mambas
  Maurice (D:8)
  17 elephants (Lair:6)
  Joseph (D:7)
  A guardian serpent (shapeshifter) (D:11)
  Psyche (D:8)
  13 spiny frogs
  4 rime drakes
  8 komodo dragons
  2 trolls
  3 polar bears
  A queen bee (Lair:1)
  6 tyrant leeches (Lair:4)
  2 hornets
  13 blink frogs
  6 dream sheep (Lair:4)
  6 hippogriffs
  A spriggan (D:8)
  A shadow (D:10)
  4 wyverns
  3 wraiths (D:10)
  38 yaks
  3 basilisks
  5 hogs (Lair:6)
  A hungry ghost (D:11)
  Menkaure (D:6)
  A swamp worm (Lair:4)
  14 water moccasins
  An acid dragon (D:10)
  5 sky beasts
  6 orc warriors
  3 ice beasts
  12 porcupines
  A black bear (D:8)
  2 phantoms
  2 necrophages (D:9)
  8 ogres
  20 wolves
  5 centaurs
  12 crocodiles
  21 bullfrogs
  2 gnoll sergeants (D:9)
  4 scorpions
  35 killer bees
  4 electric eels
  4 jellies
  4 howler monkeys
  7 crimson imps
  A bullfrog zombie (D:8)
  2 quasits
  5 orc priests
  Crazy Yiuf (D:2)
  A bullfrog skeleton (D:10)
  4 hounds
  12 orc wizards
  3 centaur skeletons
  2 iguanas
  7 worker ants
  Terence (D:2)
  A hell rat (D:11)
  A hound zombie (D:11)
  A hound skeleton (D:9)
  A howler monkey zombie (D:9)
  A worker ant zombie (D:10)
  Robin (D:2)
  7 gnolls (D:9)
  13 adders
  A river rat (D:11)
  4 shadow imps
  An ooze (D:5)
  An adder skeleton (D:8)
  8 worms
  2 dart slugs
  10 leopard geckos
  71 orcs
  A ball python (D:3)
  3 giant cockroaches
  12 goblins
  15 hobgoblins
  9 jackals
  6 quokkas
  8 bats
  A frilled lizard (D:1)
  5 kobolds
  A quokka zombie (D:7)
  4 rats
582 creatures vanquished.

Vanquished Creatures (others)
  A human (Lair:6)
  3 bushes (Lair:6)
  33 fungi
  35 plants
72 creatures vanquished.

Grand Total: 654 creatures vanquished

Notes
Turn   | Place    | Note
-------+----------+-------------------------------------------
     0 | D:1      | Blackhawk the Minotaur Berserker began the quest for the Orb.
     0 | D:1      | Reached XP level 1. HP: 19/19 MP: 0/0
   144 | D:1      | Reached XP level 2. HP: 22/27 MP: 1/1
   897 | D:2      | Reached XP level 3. HP: 33/33 MP: 2/2
  1239 | D:2      | Noticed Robin
  1239 | D:2      | Reached ** piety under Trog
  1248 | D:2      | Killed Robin
  1248 | D:2      | Reached XP level 4. HP: 41/41 MP: 3/3
  1802 | D:2      | Noticed Terence
  1808 | D:2      | Killed Terence
  2046 | D:2      | Reached XP level 5. HP: 40/47 MP: 4/4
  2163 | D:2      | Found a runed door.
  2179 | D:2      | Noticed Crazy Yiuf
  2183 | D:2      | Killed Crazy Yiuf
  2409 | D:3      | Reached skill level 5 in Fighting
  2450 | D:3      | Reached skill level 5 in Axes
  2452 | D:3      | Reached *** piety under Trog
  2614 | D:3      | Reached XP level 6. HP: 56/56 MP: 5/5
  3193 | D:4      | Got a faintly humming chain mail
  3202 | D:4      | Found a staircase to the Ecumenical Temple.
  3244 | D:4      | Reached skill level 5 in Armour
  3409 | D:4      | Identified the +0 chain mail of the Hills {-Cast Int+5} (You found it on level 4 of the Dungeon)
  3506 | D:4      | Reached XP level 7. HP: 62/62 MP: 6/6
  3962 | D:5      | Entered Level 5 of the Dungeon
  4074 | D:5      | Found Udwair's Antique Weapon Boutique.
  4121 | D:5      | Noticed a dagger
  4122 | D:5      | Noticed a hand axe
  4128 | D:5      | Found a hide-covered altar of Uskayaw.
  4182 | D:5      | Reached skill level 5 in Dodging
  4363 | D:5      | Found a runed gate.
  4363 | D:5      | Found a runed gate.
  4363 | D:5      | Found a runed gate.
  4365 | D:5      | Noticed Caterwaul's ghost (novice HuFi)
  4543 | D:5      | Reached **** piety under Trog
  4543 | D:5      | Reached XP level 8. HP: 69/71 MP: 7/7
  5101 | D:6      | Found a shadowy altar of Dithmenos.
  5205 | D:6      | Noticed Menkaure
  5214 | D:6      | Killed Menkaure
  5725 | D:7      | Reached XP level 9. HP: 39/81 MP: 8/8
  6157 | D:7      | Noticed Joseph
  6170 | D:7      | Killed Joseph
  6241 | D:7      | Noticed Harold
  6251 | D:7      | Killed Harold
  6836 | D:8      | Noticed Psyche
  6844 | D:8      | Killed Psyche
  6847 | D:8      | Reached XP level 10. HP: 91/91 MP: 9/9
  6949 | D:8      | Found a sparkling altar of Nemelex Xobeh.
  6954 | D:8      | Found an opulent altar of Gozag.
  6956 | D:8      | Found a shimmering altar of Xom.
  7178 | D:8      | Noticed Maurice
  7186 | D:8      | Killed Maurice
  7187 | D:8      | Noticed Erica
  7210 | D:8      | Killed Erica
  7210 | D:8      | Reached ***** piety under Trog
  7210 | D:8      | Reached skill level 10 in Fighting
  7210 | D:8      | Reached skill level 10 in Axes
  7583 | D:8      | Noticed a five-headed hydra
  7797 | D:8      | Found a shadowy altar of Dithmenos.
  8034 | D:9      | Noticed a two-headed ogre
  8039 | D:9      | Killed a two-headed ogre
  8039 | D:9      | Reached skill level 10 in Armour
  8193 | D:9      | Found a burning altar of Makhleb.
  8651 | D:9      | Reached XP level 11. HP: 100/100 MP: 10/10
  9059 | D:10     | Entered Level 10 of the Dungeon
  9064 | D:9      | Received a gift from Trog
  9065 | D:9      | Got a smoking arbalest {god gift}
  9066 | D:9      | Identified the +0 arbalest "Xuhianka" {flame, MR++ Str+2 Int-3} (Trog gifted it to you on level 9 of the Dungeon)
  9354 | D:10     | Noticed a two-headed ogre
  9390 | D:10     | Killed a two-headed ogre
  9540 | D:10     | Noticed Josephine
  9547 | D:10     | Killed Josephine
  9580 | D:10     | Found a roughly hewn altar of Beogh.
  9580 | D:10     | Found a staircase to the Orcish Mines.
 10066 | D:10     | Reached skill level 10 in Dodging
 10150 | D:11     | Noticed a red ugly thing
 10160 | D:11     | Killed a red ugly thing
 10200 | D:11     | Got a crude mace
 10316 | D:11     | Received a gift from Trog
 10332 | D:11     | Noticed a brown ugly thing
 10343 | D:11     | Killed a brown ugly thing
 10525 | D:11     | Noticed a harpy
 10525 | D:11     | a salamander changed into a harpy
 10529 | D:11     | a harpy changed into a shapeshifter
 10685 | D:11     | Noticed a death yak
 10685 | D:11     | Noticed a death yak
 10692 | D:11     | Noticed a death yak
 10703 | D:10     | Killed a death yak
 10840 | D:10     | Killed a death yak
 10840 | D:10     | Reached XP level 12. HP: 71/110 MP: 11/11
 11042 | D:10     | Killed a death yak
 11096 | D:11     | Found a staircase to the Lair.
 11394 | D:11     | Lost intelligence.
 11394 | D:11     | Identified the cursed +0 mace "Bount" {crush, rPois Str+8 Int-4} (You found it on level 11 of the Dungeon)
 11646 | Lair:1   | Entered Level 1 of the Lair of Beasts
 11731 | Lair:1   | Reached skill level 1 in Maces & Flails
 12206 | Lair:1   | Received a gift from Trog
 12297 | Lair:1   | Noticed Urug
 12316 | Lair:1   | Killed Urug
 12938 | Lair:2   | Reached XP level 13. HP: 99/118 MP: 12/12
 13249 | Lair:2   | Reached skill level 5 in Maces & Flails
 14057 | Lair:3   | Received a gift from Trog
 14302 | Lair:3   | Reached ****** piety under Trog
 15034 | Lair:4   | Noticed Snorg
 15043 | Lair:4   | Killed Snorg
 15659 | Lair:4   | Found a hole to the Spider Nest.
 16124 | Lair:4   | Found a staircase to the Swamp.
 16768 | Lair:5   | Noticed Rupert
 16776 | Lair:5   | Paralysed by Rupert for 2 turns
 16779 | Lair:5   | Killed Rupert
 16779 | Lair:5   | Received a gift from Trog
 17516 | Lair:6   | Entered Level 6 of the Lair of Beasts
 17533 | Lair:5   | Reached XP level 14. HP: 119/131 MP: 13/13
 17552 | Lair:5   | Received a gift from Trog
 18156 | Lair:6   | Noticed Kirke
 18166 | Lair:6   | Killed Kirke
 19114 | Lair:6   | Found a viscous altar of Jiyva.
 19121 | Lair:6   | Found a staircase to the Slime Pits.
 19195 | Lair:6   | Received a gift from Trog
 19222 | Lair:6   | Reached skill level 15 in Fighting
 19266 | Lair:5   | Reached skill level 10 in Maces & Flails
 19529 | Lair:6   | Reached skill level 15 in Armour
 19855 | Lair:6   | HP: 4/135 [drowned by a drowned soul[a merfolk avatar] (14)]
 19857 | Lair:6   | Drowned by a drowned soul

Skill      XL: |  1  2  3  4  5  6  7  8  9 10 11 12 13 14 |
---------------+-------------------------------------------+-----
Fighting       | 4 5 6 8 9 10 11 12 14 15 | 15.2
Axes           | 4 5 6 7 9 11 13 | 13.9
Armour         | 3 4 5 6 7 9 10 11 12 14 15 | 15.0
Dodging        | 3 4 5 6 8 9 10 11 12 13 | 13.9
Maces & Flails | 4 8 10 | 10.3

Action                   |  1- 3 |  4- 6 |  7- 9 | 10-12 | 13-15 || total
-------------------------+-------+-------+-------+-------+-------++-------
Melee: Hand axe          |    65 |   144 |   210 |       |       ||   419
       Headbutt          |     6 |    33 |    42 |   137 |   255 ||   473
       Battleaxe         |       |       |     8 |   366 |       ||   374
       Mace              |       |       |       |   224 |   803 ||  1027
Invok: Berserk           |     2 |     4 |     4 |     8 |     8 ||    26
       Brothers in Arms  |       |       |       |     1 |     1 ||     2
  Use: Scroll            |       |       |     6 |     9 |     4 ||    19
       Potion            |       |       |       |     1 |     2 ||     3
 Stab: Sleeping          |     1 |       |       |       |       ||     1
  Eat: Chunk             |     2 |    11 |    14 |    32 |    29 ||    88
Armor: Animal skin       |    10 |     4 |       |       |       ||    14
       Scale mail        |       |    37 |    81 |   161 |       ||   279
       Chain mail        |       |       |       |    70 |   352 ||   422
Dodge: Dodged            |    53 |    77 |   115 |   568 |   757 ||  1570
